 Dungeon Crawl Stone Soup version 0.29.0-4-gdea44cf6ec (webtiles) character file.

Game seed: 1076727454705279368

20 qw the Chopper (level 2, 0/17 HPs)
             Began as a Tengu Warper on Aug 28, 2022.
             Slain by a worm (4 damage)
             ... on level 2 of the Dungeon.
             The game lasted 00:00:04 (1299 turns).

qw the Chopper (Tengu Warper)                       Turns: 1299, Time: 00:00:04

Health: 0/17       AC:  3    Str: 11    XL:     2   Next: 79%
Magic:  6/6        EV: 11    Int: 13    God:
Gold:   61         SH:  0    Dex: 13    Spells: 5/5 levels left

rFire   . . .      SeeInvis .   Y - +0 hand axe
rCold   . . .      Faith    .   (no shield)
rNeg    . . .      Spirit   .   b - +0 leather armour
rPois   .          Reflect  .   (helmet restricted)
rElec   .          Harm     .   (no cloak)
rCorr   .          Rampage  .   (no gloves)
Will    .....                   (boots unavailable)
Stlth   +.........              (no amulet)
HPRegen 0.05/turn               (no ring)
MPRegen 0.10/turn               (no ring)

@: no status effects
A: beak, talons 3
a: no special abilities


You were on level 2 of the Dungeon.
You visited 1 branch of the dungeon, and saw 2 of its levels.

You collected 61 gold pieces.


Innate Abilities, Weirdness & Mutations

You have a beak for a mouth.
You have claws for feet.


   Skills:
 - Level 2.0 Fighting
 + Level 3.6 Axes
 - Level 1.0 Throwing
 - Level 1.1 Armour
 - Level 2.1 Dodging
 - Level 2.0 Spellcasting
 - Level 2.4 Translocations


You had 5 spell levels left.
You didn't know any spells.
Your spell library contained the following spells:

 Spells                   Type           Power      Damage    Failure   Level
 Blink                    Tloc           14%        N/A       19%         2
 Gell's Gravitas          Tloc           7%         N/A       36%         3
 Lesser Beckoning         Tloc           7%         N/A       36%         3
 Teleport Other           Tloc           7%         N/A       36%         3
 Manifold Assault         Tloc           7%         N/A       98%         5

Inventory:

Hand Weapons
 f - a +0 club
 Y - a +0 hand axe (weapon)
Armour
 b - a +0 leather armour (worn)

Dungeon Overview and Level Annotations

Branches:
Dungeon (2/15)

Altars:


Message History

There is a stone staircase leading up here.
Existing waypoints: (2) D:1 Assign waypoint to what number? (0-9, D - delete waypoint) Waypoint 1 assigned to D:2.
Found a stone staircase leading up.
A worm comes into view.
You barely miss the worm. Your kick misses the worm.
You peck the worm, but do no damage. You hit the worm. You claw the worm.
The worm is moderately wounded.
The worm bites you.
You hit the worm. Your kick misses the worm.
The worm is moderately wounded.
The worm misses you.
You completely miss the worm. You claw the worm.
The worm is heavily wounded.
You barely miss the worm. Your kick misses the worm. Your peck misses the worm.
The worm is heavily wounded.
The worm misses you.
You slash the worm! You claw the worm, but do no damage.
The worm is severely wounded.
The worm barely misses you.
You completely miss the worm.
The worm is severely wounded.
You barely miss the worm.
The worm is severely wounded.
The worm closely misses you.
You hit the worm.
The worm is severely wounded.
The worm bites you.
You barely miss the worm.
The worm is severely wounded.
You hit the worm. You claw the worm.
The worm is almost dead.
The worm bites you.
You hit the worm but do no damage. You peck the worm.
The worm is almost dead.
The worm bites you.
You die...

#... #..## ...$
#..# . #..# ...
#..#
.....####w.####..
.......<.@.......
...#.####..####<#
...# ###.# .. ###


You could see a worm.

Vanquished Creatures
  A dart slug (D:1)
  3 bats (D:1)
  An endoplasm (D:1)
  A giant cockroach (D:1)
  A goblin (D:1)
  5 jackals (D:1)
  A ball python (D:1)
  2 frilled lizards (D:1)
  A kobold (D:1)
  A rat (D:1)
17 creatures vanquished.

Notes
Turn   | Place    | Note
-------+----------+-------------------------------------------
     0 | D:1      | qw the Tengu Warper began the quest for the Orb.
     0 | D:1      | Reached XP level 1. HP: 12/12 MP: 4/4
     0 | D:1      | 0 ||| qw: Version: 0.1-a-89-g26bdef1
     0 | D:1      | 0 ||| qw: Game counter: 1689
     0 | D:1      | 0 ||| qw: Always use a shield: true
     0 | D:1      | 0 ||| qw: God list: Okawaru
     0 | D:1      | 0 ||| qw: Allow faded altars: false
     0 | D:1      | 0 ||| qw: Do Orc after D:15 true
     0 | D:1      | 0 ||| qw: Do second Lair branch before Depths: true
     0 | D:1      | 0 ||| qw: Lair rune preference: random
     0 | D:1      | 0 ||| qw: Plans: Normal
     0 | D:1      | 0 ||| PLANNING D:1-11
   152 | D:1      | 152 ||| Stepping ~*~*~tactically~*~*~ (stealth).
   176 | D:1      | Reached XP level 2. HP: 12/17 MP: 6/6
   276 | D:1      | Found a faded altar of an unknown god.
   296 | D:1      | Reached skill level 3 in Axes
   431 | D:1      | 431 ||| Stepping ~*~*~tactically~*~*~ (hiding).
   432 | D:1      | 432 ||| Stepping ~*~*~tactically~*~*~ (hiding).
  1249 | D:1      | 1249 ||| READING scroll labelled ZAPUUMAFIR.
  1250 | D:1      | 1250 ||| READING scroll labelled JAOSUC LEPLEDO.
  1253 | D:1      | 1253 ||| DROPPING scroll of blinking.
  1298 | D:2      | HP: 4/17 [worm (4)]
  1299 | D:2      | Slain by a worm

Levels and vault maps discovered:
D:1:      dpeg_arrival_rhombus, layout_basic, hellmonk_ecumenical_altar_blasted
D:2:      minmay_chambers_of_ones, layout_loops_ring, serial_shops, shop,
          nicolae_shop_bloodbath_and_beyond, shop, shop, nicolae_shop_trees

Skill      XL: |  1  2 |
---------------+-------+-----
Axes           | 3 |  3.6
Fighting       | |  2.0
Throwing       | |  1.0
Armour         | |  1.1
Dodging        | |  2.1
Spellcasting   | |  2.0
Translocations | |  2.4

Action                   || total
-------------------------++-------
Melee: Hand axe          ||    49
       Peck              ||     6
       Kick              ||     7
Throw: Boomerang         ||     7
  Use: Scroll            ||     2
Armor: Leather armour    ||    13
Dodge: Dodged            ||    27

Table legend:
 A = Non-vault XP
 B = Vault XP
 C = Vault XP percentage of total XP
 D = Non-vault monster count
 E = Vault monster count
 F = Vault count percentage of total count
                 A         B        C        D         E       F
            +---------+---------+-------+---------+---------+-------
      Total |      29 |       0 |   0.0 |      17 |       0 |   0.0
            +---------+---------+-------+---------+---------+-------
        D:1 |      29 |       0 |   0.0 |      17 |       0 |   0.0
            +---------+---------+-------+---------+---------+-------
